 Dungeon Crawl Stone Soup version 0.29-a0-563-g64e4043184 (webtiles) character file.

Game seed: 13651932807728756102

208 mandarbmax the Shooter (level 5, -12/41 HPs)
             Began as a Barachi Hunter on June 12, 2022.
             Mangled by an ogre
             ... wielding a +0 giant club
              (15 damage)
             ... on level 4 of the Dungeon.
             The game lasted 00:04:16 (2462 turns).

mandarbmax the Shooter (Barachi Hunter)             Turns: 2462, Time: 00:04:17

Health: -12/41     AC: 15    Str: 13    XL:     5   Next: 86%
Magic:  5/5        EV:  6    Int:  9    God:
Gold:   166        SH:  0    Dex: 21    Spells: 4/4 levels left

rFire   + . .      SeeInvis .   a - +1 shortbow
rCold   . . .      Faith    .   (shield currently unavailable)
rNeg    + + +      Spirit   .   r - +6 chain mail "Oleliups" {*Corrode rF+ rN+++ Dex+4}
rPois   .          Reflect  .   o - +0 helmet
rElec   .          Harm     .   (no cloak)
rCorr   .          Rampage  .   (no gloves)
Will    .....                   (no boots)
Stlth   ..........              (no amulet)
HPRegen 0.13/turn               (no ring)
MPRegen 0.09/turn               (no ring)

@: unable to hop, slow
A: amphibious, slowness 1, strong legs 1, +LOS
a: Hop


You were on level 4 of the Dungeon.
You visited 1 branch of the dungeon, and saw 4 of its levels.

You collected 166 gold pieces.

Inventory:

Hand Weapons
 a - a +1 shortbow (weapon)
Armour
 i - a +3 leather armour
 o - a +0 helmet (worn)
 r - the +6 chain mail "Oleliups" (worn) {*Corrode rF+ rN+++ Dex+4}
   (You found it on level 4 of the Dungeon)

   Dex:       It affects your dexterity (+4).
   rF:        It protects you from fire.
   rN:        It renders you almost immune to negative energy.
   *Corrode:  It may corrode you when you take damage.
Jewellery
 n - a ring of flight
Scrolls
 b - a scroll of blinking {unknown}
 c - a scroll of immolation
 d - a scroll of torment {unknown}
 e - 3 scrolls of vulnerability {unknown}
 f - a scroll of fog {unknown}
 g - a scroll of poison
 h - a scroll of fear {unknown}
 k - a scroll of teleportation {unknown}
 l - 2 scrolls of identify {unknown}
 p - a scroll of silence {unknown}
 q - a scroll of enchant armour {unknown}
Potions
 j - 2 potions of heal wounds {unknown}
 m - a potion of brilliance {unknown}


   Skills:
 - Level 3.0 Fighting
 + Level 6.6 Bows
 + Level 1.3 Armour
 - Level 2.1 Dodging
 - Level 0.8 Stealth


You had 4 spell levels left.
You didn't know any spells.
Your spell library contained the following spells:

 Spells                   Type           Power      Damage    Failure   Level
 Beastly Appendage        Tmut           0%         N/A       100%        1
 Ensorcelled Hibernation  Hex/Ice        0%         N/A       100%        2
 Wereblood                Tmut           0%         N/A       100%        2
 Confusing Touch          Hex            0%         N/A       100%        3
 Spider Form              Tmut/Pois      0%         N/A       100%        3
 Anguish                  Hex/Necr       0%         N/A       100%        4
 Yara's Violent Unravell  Hex/Tmut       0%         3d3       100%        5
 Enfeeble                 Hex            0%         N/A       100%        7


Dungeon Overview and Level Annotations

Branches:
Dungeon (4/15)
 Temple: D:4-7

Altars:


Innate Abilities, Weirdness & Mutations

You are amphibious.
You cover ground slowly.
You can hop short distances.
You have an extended range of vision and can be seen from far away.


Message History

The ogre is heavily wounded.
You shoot an arrow. The arrow hits the ogre.
The ogre is heavily wounded.
You shoot an arrow. The arrow hits the ogre.
The ogre is severely wounded.
The ogre hits you with a +0 giant club!
You shoot an arrow. The arrow hits the ogre.
The ogre is severely wounded.
The ogre closely misses you.
Hop to where?
Press: ? - help, Dir - move target, p - ogre Boing!
Your legs are too worn out to hop.
Your legs are too worn out to hop.
Unknown command.
You shoot an arrow. The arrow hits the ogre.
The ogre is severely wounded.
The ogre hits you with a +0 giant club!
You are too injured to fight recklessly!
Shoot: a) +1 shortbow
Press: ? - help, Q - select action, (/) - cycle Shift-Dir - straight line, f/p - ogre
Aim: an ogre, wielding a +0 giant club (severely wounded, 79% to hit)
Okay, then.
The air fills with toxic fumes!
As you read the scroll labelled DOTZEOQ USIDY, it crumbles to dust.
It was a scroll of poison.
Shoot: a) +1 shortbow
Press: ? - help, Q - select action, (/) - cycle Shift-Dir - straight line, f/p - ogre
Aim: an ogre, wielding a +0 giant club (severely wounded, 79% to hit)
You shoot an arrow. The arrow hits the ogre.
The ogre is almost dead.
The ogre hits you with a +0 giant club!
* * * LOW HITPOINT WARNING * * *
Okay, then.
Shoot: a) +1 shortbow
Press: ? - help, Q - select action, (/) - cycle Shift-Dir - straight line, f/p - ogre
Aim: an ogre, wielding a +0 giant club (almost dead, 79% to hit)
You shoot an arrow. The arrow closely misses the ogre.
The ogre hits you with a +0 giant club!
You die...

#.§§## #.§§§#
#####..§§##
........§§#
.......)##§#
........ #§##
........##§§##
#########§§§§#
#.#§@# #
#.#§O#.####
#.##§§....# #.
#§§§##.# #.
##§§# .. §§#
.. §§# §§# #§#


You could see an ogre.

Vanquished Creatures
  A howler monkey (D:4)
  An iguana (D:4)
  4 gnolls (D:3)
  4 adders
  5 worms
  A dart slug (D:4)
  6 endoplasms
  A giant cockroach (D:1)
  8 hobgoblins
  3 quokkas
  2 ball pythons
  7 bats
  A frilled lizard (D:1)
  6 goblins
  6 kobolds
  5 rats
61 creatures vanquished.

Notes
Turn   | Place    | Note
-------+----------+-------------------------------------------
     0 | D:1      | mandarbmax the Barachi Hunter began the quest for the Orb.
     0 | D:1      | Reached XP level 1. HP: 17/17 MP: 1/1
   120 | D:1      | Found a faded altar of an unknown god.
   126 | D:1      | Reached XP level 2. HP: 23/23 MP: 2/2
   529 | D:2      | Reached XP level 3. HP: 23/29 MP: 3/3
   866 | D:2      | Reached skill level 5 in Bows
  1396 | D:3      | Reached XP level 4. HP: 35/35 MP: 4/4
  1660 | D:3      | Reached skill level 6 in Bows
  1660 | D:3      | Reached XP level 5. HP: 30/41 MP: 5/5
  2337 | D:4      | Identified the +6 chain mail "Oleliups" {*Corrode rF+ rN+++
                  | Dex+4}
  2381 | D:4      | Reached skill level 1 in Armour
  2452 | D:4      | Noticed an ogre
  2462 | D:4      | Mangled by an ogre

Illustrated notes

Levels and vault maps discovered:
D:1:      amcnicky_arrival_underground_garden, layout_basic,
          shapermc_ecumenical_altar_mp_highgroup, minmay_close_crescents
D:2:      layout_basic
D:3:      layout_loops_ring, minmay_door_square, nicolae_wormholes
D:4:      layout_basic, nicolae_uskayaw_dance_hall,
          minmay_temple_entry_junction_2, chequers_serial_rivers_small_3,
          uniq_duvessa

Skill      XL: |  1  2  3  4  5 |
---------------+----------------+-----
Fighting       | 3 |  3.0
Bows           | 5 6 |  6.6
Armour         | 1 |  1.3
Dodging        | |  2.1
Stealth        | |  0.8

Action                   |  1- 3 |  4- 6 || total
-------------------------+-------+-------++-------
 Fire: Shortbow          |   118 |    83 ||   201
 Abil: Hop               |     1 |     1 ||     2
  Use: Scroll            |       |     1 ||     1
Armor: Leather armour    |    13 |    16 ||    29
Dodge: Dodged            |    30 |    41 ||    71

Table legend: (Time is in decaauts)
 A = Elapsed time spent in this place.
 B = Non-inter-level travel time spent in this place.
 C = Inter-level travel time spent in this place.
 D = Time resting spent in this place.
 E = Time spent auto-exploring this place.
 F = Levels seen in this place.
 G = Mean time per level.
                   A        B        C        D        E       F      G
               +--------+--------+--------+--------+--------+-----+--------+
         Total |   2850 |   2792 |     58 |      0 |   2362 |   4 |  712.5 |
       Dungeon |   2850 |   2792 |     58 |      0 |   2362 |   4 |  712.5 |
               +--------+--------+--------+--------+--------+-----+--------+

Top non-repeatable levels by time:
     D:3: 1055 daAuts
     D:2: 1005 daAuts
     D:1: 591 daAuts
     D:4: 198 daAuts
